 Dungeon Crawl Stone Soup version 0.29-a0-559-g359e09b9d1 (webtiles) character file.

Game seed: 10926990548154392078

61 raistware the Conjurer (level 4, -1/30 HPs)
             Began as a Human Conjurer on June 9, 2022.
             Slain by a gnoll
             ... wielding a +2 spear of pain
              (10 damage)
             ... on level 2 of the Dungeon.
             The game lasted 00:03:37 (1469 turns).

raistware the Conjurer (Human Conjurer)             Turns: 1469, Time: 00:03:38

Health: -1/30      AC:  2    Str:  7    XL:     4   Next: 27%
Magic:  6/8        EV: 12    Int: 27    God:
Gold:   66         SH:  5    Dex: 17    Spells: 2/8 levels left

rFire   . . .      SeeInvis .   h - +0 short sword (elec)
rCold   . . .      Faith    .   (no shield)
rNeg    . . .      Spirit   .   a - +0 robe
rPois   .          Reflect  +   (no helmet)
rElec   .          Harm     .   (no cloak)
rCorr   .          Rampage  .   (no gloves)
Will    .....                   (no boots)
Stlth   ++........              d - amulet of reflection
HPRegen 0.10/turn               f - +6 ring of dexterity
MPRegen 0.11/turn               i - +6 ring of intelligence

@: no status effects
A: no striking features
a: no special abilities


You were on level 2 of the Dungeon.
You visited 1 branch of the dungeon, and saw 2 of its levels.

You collected 66 gold pieces.

Inventory:

Hand Weapons
 c - a +1 vampiric whip
 h - a +0 short sword of electrocution (weapon)
Armour
 a - a +0 robe (worn)
Jewellery
 d - an amulet of reflection (around neck)
 f - a +6 ring of dexterity (left hand)
 i - a +6 ring of intelligence (right hand)
Scrolls
 e - 4 scrolls of identify {unknown}
 j - a scroll of teleportation {unknown}
 k - a scroll of fog {unknown}
Potions
 g - a potion of haste {unknown}


   Skills:
 - Level 2.0 Dodging
 + Level 2.5 Stealth
 * Level 2.8 Spellcasting
 * Level 4.6 Conjurations
 + Level 0.7 Hexes


You had 2 spell levels left.
You knew the following spells:

 Your Spells              Type           Power      Damage    Failure   Level
a - Magic Dart            Conj           100%       1d8       1%          1
b - Searing Ray           Conj           56%        2d6       1%          2
c - Dazzling Flash        Conj/Hex       36%        N/A       9%          3

Your spell library contained the following spells:

 Spells                   Type           Power      Damage    Failure   Level
 Sublimation of Blood     Necr           3%         N/A       14%         2
 Fulminant Prism          Conj/Hex       9%         3d7       30%         4
 Iskenderun's Mystic Bla  Conj/Tloc      16%        2d5       34%         4
 Petrify                  Tmut/Erth      3%         N/A       65%         4
 Irradiate                Conj/Tmut      8%         3d16      67%         5


Dungeon Overview and Level Annotations

Branches:
Dungeon (2/15)

Altars:

Shops:
D:2 (


Message History

The sling bullet closely misses the goblin.
The sling bullet hits the gnoll.
The goblin shoots a sling bullet.
The sling bullet barely misses you.
The goblin shoots a sling bullet.
The sling bullet barely misses you.
The goblin shoots a sling bullet.
The sling bullet closely misses you.
The goblin shoots a sling bullet.
The sling bullet hits you but does no damage.
The goblin shoots a sling bullet.
The sling bullet hits you.
The goblin shoots a sling bullet.
You reflect the sling bullet off an invisible shield around you!
The sling bullet hits the goblin.
The goblin shoots a sling bullet.
The sling bullet closely misses you.
The goblin shoots a sling bullet.
The sling bullet closely misses you.
The goblin shoots a sling bullet.
The sling bullet closely misses you.
A gnoll is nearby!
The goblin shoots a sling bullet.
The sling bullet barely misses you.
The goblin shoots a sling bullet.
The sling bullet closely misses you.
You barely miss the goblin.
The goblin is severely wounded.
The goblin unwields a +0 hunting sling.
The goblin wields a +0 club.
The goblin hits you with a +0 club.
The goblin unwields a +0 club.
The goblin wields a +0 hunting sling.
The goblin shoots a sling bullet.
The sling bullet hits you. The gnoll closely misses you.
The goblin shoots a sling bullet.
The sling bullet barely misses you.
The gnoll hits you from afar with a +2 spear of pain.
* * * LOW HITPOINT WARNING * * *
The goblin shoots a sling bullet.
You reflect the sling bullet off an invisible shield around you!
The sling bullet barely misses the goblin.
Casting: Searing Ray (safe; 1% risk of failure)
Confirm with . or Enter, or press ? or * to list all spells.
Aiming: Searing Ray (safe; 1% risk of failure)
Press: ? - help, Shift-Dir - straight line, f - gnoll
Aim: a gnoll, wielding a +2 spear of pain (82% to hit)
The searing ray hits the gnoll.
The gnoll is heavily wounded. (Press . to maintain the ray.)
The gnoll hits you from afar with a +2 spear of pain!
You die...

.. .g#..#
#.........####......
. . ..##g#
#.######### ##.##...
#.#. #g# ..# #..# ..
#.#. #.# ##.# #.## .
#... #.##... ###.#
#[.##.#..# #...#
#.....#.# ##.###
#..##...#########
#..# ##.
#...gg.g.@..####.##
##....########....#.#
##...# #....#.#######
.....# #.)...........
####..#
#...<..######.. #...
#.............. ##..
#.>..########.. #.
#....# #....#


You could see 2 gnolls and a goblin.

Vanquished Creatures
  2 adders (D:2)
  A gnoll (D:2)
  2 dart slugs
  3 endoplasms (D:1)
  5 hobgoblins
  4 kobolds
  A quokka (D:2)
  7 ball pythons
  2 bats (D:2)
  A frilled lizard (D:1)
  2 goblins (D:1)
  2 rats
32 creatures vanquished.

Notes
Turn   | Place    | Note
-------+----------+-------------------------------------------
     0 | D:1      | raistware the Human Conjurer began the quest for the Orb.
     0 | D:1      | Reached XP level 1. HP: 13/13 MP: 3/3
   473 | D:1      | Reached XP level 2. HP: 17/19 MP: 0/5
   785 | D:1      | Found a faded altar of an unknown god.
   806 | D:1      | Reached XP level 3. HP: 24/24 MP: 4/6
   809 | D:1      | Learned a level 2 spell: Searing Ray
   813 | D:1      | Learned a level 3 spell: Dazzling Flash
  1258 | D:2      | Found Oniel's Weapon Shop.
  1438 | D:2      | Reached XP level 4. HP: 21/30 MP: 0/8
  1469 | D:2      | Slain by a gnoll

Illustrated notes

Levels and vault maps discovered:
D:1:      tarquinn_simple_flora_water_b, layout_loops_ring,
          chequers_ecumenical_altar_island, serial_bayou_pond_a,
          minmay_tromino_i2
D:2:      layout_rooms, serial_shops, nicolae_shop_hallway_stairs

Action                   |  1- 3 |  4- 6 || total
-------------------------+-------+-------++-------
Melee: Unarmed           |    14 |       ||    14
       Whip              |    16 |       ||    16
       Short sword       |     1 |     2 ||     3
 Cast: Magic Dart        |    46 |       ||    46
       Searing Ray       |     1 |     1 ||     2
  Use: Potion            |       |     1 ||     1
Armor: Robe              |     8 |     1 ||     9
Dodge: Dodged            |    20 |    10 ||    30
Block: Other             |     2 |     3 ||     5
       Reflection        |       |     3 ||     3

Table legend: (Time is in decaauts)
 A = Elapsed time spent in this place.
 B = Non-inter-level travel time spent in this place.
 C = Inter-level travel time spent in this place.
 D = Time resting spent in this place.
 E = Time spent auto-exploring this place.
 F = Levels seen in this place.
 G = Mean time per level.
                   A        B        C        D        E       F      G
               +--------+--------+--------+--------+--------+-----+--------+
         Total |   1471 |   1452 |     19 |     19 |   1228 |   2 |  735.5 |
       Dungeon |   1471 |   1452 |     19 |     19 |   1228 |   2 |  735.5 |
               +--------+--------+--------+--------+--------+-----+--------+

Top non-repeatable levels by time:
     D:1: 1260 daAuts
     D:2: 211 daAuts
